 Dungeon Crawl Stone Soup version 0.29.0-4-gdea44cf6ec (webtiles) character file.

Game seed: 11575007720563542847

791 qw the Cleaver (level 7, -3/42 HPs)
             Began as a Tengu Warper on Aug 28, 2022.
             Slain by a scorpion (4 damage)
             ... on level 5 of the Dungeon.
             The game lasted 00:00:28 (5499 turns).

qw the Cleaver (Tengu Warper)                       Turns: 5499, Time: 00:00:29

Health: -3/42      AC:  6    Str: 13    XL:     7   Next: 88%
Magic:  11/11      EV: 11    Int: 14    God:
Gold:   195        SH:  0    Dex: 13    Spells: 10/10 levels left

rFire   . . .      SeeInvis .   Y - +0 war axe
rCold   . . .      Faith    .   (no shield)
rNeg    + . .      Spirit   .   n - +0 scale mail
rPois   +          Reflect  .   (helmet restricted)
rElec   .          Harm     .   (no cloak)
rCorr   .          Rampage  .   (no gloves)
Will    .....                   (boots unavailable)
Stlth   ..........              (no amulet)
HPRegen 0.14/turn               g - ring of poison resistance
MPRegen 0.12/turn               l - ring of positive energy

@: flying quickly and evasively, quick
A: beak, talons 3, nimble flight
a: no special abilities


You were on level 5 of the Dungeon.
You visited 1 branch of the dungeon, and saw 5 of its levels.

You collected 195 gold pieces.


Innate Abilities, Weirdness & Mutations

You have a beak for a mouth.
You have claws for feet.
Your magical nature lets you fly swiftly and evasively.


   Skills:
 - Level 3.7 Fighting
 + Level 8.9 Axes
 - Level 1.0 Throwing
 - Level 1.1 Armour
 - Level 2.1 Dodging
 - Level 2.0 Spellcasting
 - Level 2.4 Translocations


You had 10 spell levels left.
You didn't know any spells.
Your spell library contained the following spells:

 Spells                   Type           Power      Damage    Failure   Level
 Blink                    Tloc           16%        N/A       54%         2
 Gell's Gravitas          Tloc           8%         N/A       78%         3
 Lesser Beckoning         Tloc           8%         N/A       78%         3
 Teleport Other           Tloc           8%         N/A       78%         3
 Manifold Assault         Tloc           8%         N/A       100%        5

Inventory:

Hand Weapons
 b - a +0 morningstar
 Y - a +0 war axe (weapon)
Missiles
 m - 2 boomerangs (quivered)
Armour
 n - a +0 scale mail (worn)
Jewellery
 g - a ring of poison resistance (left hand)
 l - a ring of positive energy (right hand)
Scrolls
 a - a scroll of identify
Potions
 f - a potion of haste
 h - a potion of might
 i - a potion of flight {unknown}
 j - a potion of mutation {unknown}
 k - a potion of lignification {unknown}
 o - a potion of curing

Dungeon Overview and Level Annotations

Branches:
Dungeon (5/15)
 Temple: D:4-7

Altars:

Shops:
D:2 [

Annotations:
D:4 1 runed translucent door, Crazy Yiuf


Message History

You throw a boomerang. The boomerang closely misses the ogre.
Throw: 2 boomerangs
Press: ? - help, Q - select action Shift-Dir - straight line, f/p - ogre You throw a boomerang.
The boomerang hits the ogre!
The ogre is moderately wounded.
Throw: 2 boomerangs
Press: ? - help, Q - select action Shift-Dir - straight line, f/p - ogre You throw a boomerang.
The boomerang completely misses the ogre.
A scorpion comes into view.
5490 ||| Stepping ~*~*~tactically~*~*~ (stealth).
You slash the ogre! You claw the ogre. You peck the ogre.
The ogre is severely wounded.
The ogre closely misses you.
You barely miss the ogre. Your kick misses the ogre.
The ogre is severely wounded.
The ogre hits you with a +0 giant club!
You hit the ogre. You peck the ogre.
The ogre is almost dead.
You barely miss the ogre. Your kick misses the ogre.
The ogre is almost dead.
The ogre hits you with a +0 giant club!!
Ouch! That really hurt!
You slash the ogre!
You kill the ogre!
You hit the scorpion.
The scorpion is moderately wounded.
The scorpion barely misses you.
You hit the scorpion. Your kick misses the scorpion.
You peck the scorpion, but do no damage.
The scorpion is heavily wounded.
The scorpion misses you.
You hit the scorpion. Your kick misses the scorpion.
The scorpion is heavily wounded.
The scorpion stings you. The scorpion closely misses you.
You hit the scorpion but do no damage. Your kick misses the scorpion.
You punch the scorpion.
The scorpion is severely wounded.
The scorpion stings you.
You die...

###...s.....
..........
........
###.......
#........ ...#..
#####.#s##
........@#
#####.##.#######.
#.............
#.....########
#..#### #....#
####.# ####.#
#....####


You could see a scorpion.

Vanquished Creatures
  Pargi (D:4)
  3 ogres
  A centaur (D:5)
  Blork the orc (D:4)
  A jelly (D:4)
  4 orc wizards
  An iguana (D:5)
  4 adders
  3 worms
  2 dart slugs
  7 orcs
  8 ball pythons
  6 bats
  10 endoplasms
  2 giant cockroaches (D:1)
  3 goblins
  3 hobgoblins
  6 jackals
  A quokka (D:4)
  3 frilled lizards (D:1)
  9 kobolds
  A quokka zombie (D:4)
  4 rats
  A rat zombie (D:4)
85 creatures vanquished.

Notes
Turn   | Place    | Note
-------+----------+-------------------------------------------
     0 | D:1      | qw the Tengu Warper began the quest for the Orb.
     0 | D:1      | Reached XP level 1. HP: 12/12 MP: 4/4
     0 | D:1      | 0 ||| qw: Version: 0.1-a-89-g26bdef1
     0 | D:1      | 0 ||| qw: Game counter: 36
     0 | D:1      | 0 ||| qw: Always use a shield: true
     0 | D:1      | 0 ||| qw: God list: Okawaru
     0 | D:1      | 0 ||| qw: Allow faded altars: false
     0 | D:1      | 0 ||| qw: Do Orc after D:15 true
     0 | D:1      | 0 ||| qw: Do second Lair branch before Depths: true
     0 | D:1      | 0 ||| qw: Lair rune preference: random
     0 | D:1      | 0 ||| qw: Plans: Normal
     0 | D:1      | 0 ||| PLANNING D:1-11
   104 | D:1      | Reached XP level 2. HP: 17/17 MP: 6/6
   163 | D:1      | Reached skill level 3 in Axes
   284 | D:1      | 284 ||| Stepping ~*~*~tactically~*~*~ (stealth).
   400 | D:1      | Found a faded altar of an unknown god.
   923 | D:1      | Reached XP level 3. HP: 21/21 MP: 7/7
  1068 | D:1      | 1068 ||| UPGRADING to +0 ring mail.
  1078 | D:1      | 1078 ||| DROPPING +0 leather armour.
  1079 | D:1      | 1079 ||| UPGRADING to ring of poison resistance.
  1080 | D:1      | 1080 ||| READING scroll labelled EZEBRIMEBU.
  1083 | D:1      | 1083 ||| READING scroll labelled TIGODE GYCKULE.
  1084 | D:1      | 1084 ||| READING scroll labelled GOC PEMNAKHLOU.
  1085 | D:1      | 1085 ||| DROPPING scroll of blinking.
  1120 | D:2      | Reached skill level 4 in Axes
  1134 | D:2      | 1134 ||| Stepping ~*~*~tactically~*~*~ (stealth).
  1373 | D:2      | 1373 ||| Stepping ~*~*~tactically~*~*~ (stealth).
  1596 | D:2      | 1596 ||| Stepping ~*~*~tactically~*~*~ (stealth).
  1605 | D:2      | Reached XP level 4. HP: 18/26 MP: 8/8
  1608 | D:2      | HP: 6/26 [frozen (4)]
  2069 | D:2      | Found Osoynac's Antique Armour Shoppe.
  2073 | D:2      | 2073 ||| SHOPLISTING chain mail (94 gold, have 39).
  2073 | D:2      | 2073 ||| SHOPLISTING glowing plate armour (546 gold, have
                  | 39).
  2336 | D:2      | 2336 ||| READING scroll labelled RORUTO DYXZO.
  2337 | D:2      | 2337 ||| READING scroll labelled OKLYSA GAESO.
  2381 | D:3      | 2381 ||| Stepping ~*~*~tactically~*~*~ (hiding).
  2391 | D:3      | Reached skill level 5 in Axes
  2705 | D:3      | 2705 ||| READING 2 scrolls of enchant weapon.
  2705 | D:3      | 2705 ||| ENCHANTING +1 hand axe.
  2706 | D:3      | 2706 ||| READING scroll of enchant weapon.
  2706 | D:3      | 2706 ||| ENCHANTING +2 hand axe.
  3017 | D:3      | 3017 ||| UPGRADING to ring of positive energy.
  3018 | D:3      | 3018 ||| DROPPING +6 ring of intelligence.
  3019 | D:3      | 3019 ||| DRINKING 2 fuming puce potions.
  3020 | D:3      | 3020 ||| DRINKING 2 grey potions.
  3054 | D:4      | Noticed Blork the orc
  3055 | D:4      | 3055 ||| PLANNING OSSUARY
  3055 | D:4      | 3055 ||| STAIRDANCE
  3058 | D:3      | Gained mutation: Your magical nature lets you fly swiftly
                  | and evasively. [Tengu growth]
  3058 | D:3      | Reached XP level 5. HP: 21/30 MP: 9/9
  3058 | D:3      | 3058 ||| DRINKING potion of curing.
  3058 | D:3      | 3058 ||| (to cure confusion)
  3076 | D:4      | Killed Blork the orc
  3077 | D:4      | Reached skill level 6 in Axes
  3077 | D:4      | Reached XP level 6. HP: 21/35 MP: 10/10
  3277 | D:4      | 3277 ||| Stepping ~*~*~tactically~*~*~ (stealth).
  3278 | D:4      | 3278 ||| Stepping ~*~*~tactically~*~*~ (stealth).
  3325 | D:4      | Reached skill level 7 in Axes
  3379 | D:4      | 3379 ||| FLEEEEING.
  3380 | D:4      | 3380 ||| FLEEEEING.
  3381 | D:4      | 3381 ||| FLEEEEING.
  3382 | D:4      | 3382 ||| FLEEEEING.
  3383 | D:4      | 3383 ||| FLEEEEING.
  3384 | D:4      | 3384 ||| FLEEEEING.
  3387 | D:4      | 3387 ||| FLEEEEING.
  3388 | D:4      | 3388 ||| FLEEEEING.
  3389 | D:4      | 3389 ||| FLEEEEING.
  3390 | D:4      | 3390 ||| FLEEEEING.
  3391 | D:4      | 3391 ||| FLEEEEING.
  3401 | D:4      | 3401 ||| STAIRDANCE
  3449 | D:3      | 3449 ||| READING scroll labelled JITIJA HUMUOK.
  3458 | D:4      | 3458 ||| DROPPING +0 mace.
  3604 | D:4      | 3604 ||| SWAPPING to +0 war axe.
  3605 | D:4      | 3605 ||| DROPPING +3 hand axe.
  3805 | D:4      | Found a sand-covered staircase.
  3806 | D:4      | 3806 ||| UPGRADING to +0 scale mail.
  3816 | D:4      | 3816 ||| DROPPING +0 ring mail.
  3817 | D:4      | 3817 ||| READING 2 scrolls of identify.
  3817 | D:4      | 3817 ||| IDENTIFYING fizzy white potion
  3818 | D:4      | 3818 ||| DROPPING potion of magic.
  3975 | D:4      | 3975 ||| RIP OSSUARY
  3975 | D:4      | 3975 ||| PLANNING D:1-11
  4025 | D:4      | Found a runed translucent door.
  4026 | D:4      | Noticed Crazy Yiuf
  4278 | D:4      | Noticed Pargi
  4289 | D:4      | Killed Pargi
  4290 | D:4      | Reached skill level 3 in Fighting
  4290 | D:4      | Reached XP level 7. HP: 19/42 MP: 11/11
  4908 | D:4      | 4908 ||| READING scroll labelled XUVAECHIREVVUS.
  4944 | D:5      | Entered Level 5 of the Dungeon
  4951 | D:5      | 4951 ||| Stepping ~*~*~tactically~*~*~ (stealth).
  4953 | D:5      | 4953 ||| Stepping ~*~*~tactically~*~*~ (stealth).
  4955 | D:5      | 4955 ||| Stepping ~*~*~tactically~*~*~ (hiding).
  4962 | D:5      | 4962 ||| Stepping ~*~*~tactically~*~*~ (stealth).
  4968 | D:5      | Reached skill level 8 in Axes
  5117 | D:5      | 5117 ||| Stepping ~*~*~tactically~*~*~ (hiding).
  5133 | D:5      | 5133 ||| Stepping ~*~*~tactically~*~*~ (stealth).
  5147 | D:5      | 5147 ||| FLEEEEING.
  5148 | D:5      | 5148 ||| FLEEEEING.
  5151 | D:5      | 5151 ||| FLEEEEING.
  5152 | D:5      | 5152 ||| FLEEEEING.
  5153 | D:5      | 5153 ||| FLEEEEING.
  5154 | D:5      | 5154 ||| FLEEEEING.
  5155 | D:5      | 5155 ||| FLEEEEING.
  5160 | D:5      | 5160 ||| FLEEEEING.
  5162 | D:5      | 5162 ||| FLEEEEING.
  5163 | D:5      | 5163 ||| FLEEEEING.
  5166 | D:5      | 5166 ||| FLEEEEING.
  5167 | D:5      | 5167 ||| FLEEEEING.
  5168 | D:5      | 5168 ||| FLEEEEING.
  5171 | D:5      | 5171 ||| STAIRDANCE
  5282 | D:4      | 5282 ||| READING 2 scrolls of identify.
  5282 | D:4      | 5282 ||| IDENTIFYING white potion
  5324 | D:5      | 5324 ||| STAIRDANCE
  5490 | D:5      | 5490 ||| Stepping ~*~*~tactically~*~*~ (stealth).
  5494 | D:5      | HP: 3/42 [ogre/+0 giant club (22)]
  5498 | D:5      | HP: 1/42 [scorpion (3)]
  5499 | D:5      | Slain by a scorpion

Levels and vault maps discovered:
D:1:      mrwooster_arrival_statue_3, layout_loops_corners,
          chequers_ecumenical_altar_island
D:2:      layout_loops_corners, serial_shops, nicolae_shop_trees
D:3:      layout_rooms
D:4:      layout_basic, enter_ossuary_4, uniq_crazy_yiuf_cottage,
          uniq_blork_the_orc, uniq_pargi
D:5:      layout_basic, temple_hall

Skill      XL: |  1  2  3  4  5  6  7 |
---------------+----------------------+-----
Axes           | 3 4 5 6 7 8 |  8.9
Fighting       | 3 |  3.7
Throwing       | |  1.0
Armour         | |  1.1
Dodging        | |  2.1
Spellcasting   | |  2.0
Translocations | |  2.4

Action                   |  1- 3 |  4- 6 |  7- 9 || total
-------------------------+-------+-------+-------++-------
Melee: Hand axe          |    93 |    66 |       ||   159
       Kick              |    15 |    27 |     8 ||    50
       Peck              |    10 |    16 |     8 ||    34
       War axe           |       |    29 |    39 ||    68
       Punch             |       |       |     3 ||     3
Throw: Boomerang         |     7 |    15 |     6 ||    28
  Use: Scroll            |     3 |     6 |     2 ||    11
       Potion            |       |     3 |       ||     3
Armor: Leather armour    |    13 |       |       ||    13
       Ring mail         |    21 |    11 |       ||    32
       Scale mail        |       |    15 |    12 ||    27
Dodge: Dodged            |    49 |    56 |    29 ||   134

Table legend:
 A = Non-vault XP
 B = Vault XP
 C = Vault XP percentage of total XP
 D = Non-vault monster count
 E = Vault monster count
 F = Vault count percentage of total count
                 A         B        C        D         E       F
            +---------+---------+-------+---------+---------+-------
      Total |     897 |     234 |  20.7 |      81 |       4 |   4.7
            +---------+---------+-------+---------+---------+-------
        D:1 |      41 |       0 |   0.0 |      23 |       0 |   0.0
        D:2 |      67 |       0 |   0.0 |      21 |       0 |   0.0
        D:3 |     112 |       0 |   0.0 |      15 |       0 |   0.0
        D:4 |     359 |     234 |  39.5 |      15 |       4 |  21.1
        D:5 |     318 |       0 |   0.0 |       7 |       0 |   0.0
            +---------+---------+-------+---------+---------+-------
